cohdb
Replays
Latest Replays
All Replays
Popular Replays
Top Player Replays
Match Explorer
How It Works
Community
CoH3 Stats
Reddit
Sign in to upload your games and track your stats! →
Sign in with Steam
Match 45157412
Unlisted
Match 45157412
Overview
Messages
Build Orders
End
Selects Italian Combined Arms Battlegroup
Selects Bersaglieri Squad
Bersaglieri Squad
250 Light Carrier
Bersaglieri Squad
Construct Light Support Kompanie
Fire Support Elements
Selects Bersaglieri Bolster
Panzerpioneer Squad
Flakvierling Half-track
Combat Half-tracks
Vehicle Survival Package
Bersaglieri Squad
Construct Panzerarmee Kommand
Selects Breda Model 30 Light Machine Guns
2.5-tonne Medical Truck
UnknownDenomenator
my疲老板
DPortela
Paradox
JKimmawasp
go4victory
Ty
Akcent
0
0
Comments
sign in to comment!
No comments posted yet!